 Dungeon Crawl Stone Soup version 0.24-a0-778-g74da537585 (webtiles) character file.

Game seed: 11175551814878427043, levelgen mode: deterministic

77 Kohma the Chopper (level 4, -2/39 HPs)
             Began as a Hill Orc Abyssal Knight on Oct 7, 2019.
             Was a Believer of Lugonu.
             Killed by nerve-wracking pain
             ... invoked by Grinder
              (6 damage)
             ... on level 3 of the Dungeon.
             The game lasted 00:05:32 (2312 turns).

Kohma the Chopper (Hill Orc Abyssal Knight)         Turns: 2312, Time: 00:05:32

Health: -2/39      AC:  7    Str: 15    XL:     4   Next: 34%
Magic:  5/5        EV:  8    Int: 12    God:    Lugonu [**....]
Gold:   119        SH:  3    Dex: 10    Spells: 3/3 levels left

rFire    . . .     SeeInvis .   a - +1 hand axe
rCold    + . .     Gourm    .   w - +0 buckler (curse)
rNeg     . . .     Faith    .   n - +0 scale mail
rPois    +         Spirit   .   (no helmet)
rElec    .         Reflect  .   (no cloak)
rCorr    .         Harm     .   (no gloves)
MR       .....                  (no boots)
Stlth    ..........             (no amulet)
HPRegen  0.13/turn              h - ring of protection from cold
MPRegen  0.09/turn              j - ring of poison resistance

@: no status effects
A: no striking features
a: Depart the Abyss, Bend Space, Renounce Religion


You were on level 3 of the Dungeon.
You worshipped Lugonu.
Lugonu was pleased with you.
You were hungry.

You visited 1 branch of the dungeon, and saw 3 of its levels.
You visited the Abyss 1 time.

You collected 119 gold pieces.

Inventory:

Hand Weapons
 a - a +1 hand axe (weapon)
 s - a +2 spear of flaming
 t - a +0 hunting sling
Missiles
 f - a boomerang of dispersal (quivered)
 i - 65 stones
 v - 5 poisoned darts
Armour
 g - a +0 ring mail
 n - a +0 scale mail (worn)
 w - a cursed +0 buckler (worn)
Jewellery
 h - a ring of protection from cold (left hand)
 j - a ring of poison resistance (right hand)
 r - a cursed ring of attention {unknown}
 y - a cursed ring of teleportation {unknown}
Scrolls
 b - a scroll of enchant armour {unknown}
 d - a scroll of remove curse {unknown}
 e - a scroll of random uselessness {unknown}
 k - a scroll of teleportation {unknown}
 o - a scroll of enchant weapon {unknown}
 p - 2 scrolls of identify {unknown}
Potions
 l - 3 potions of curing
 m - a potion of haste {unknown}
 q - a potion of flight {unknown}
 u - a potion of degeneration {unknown}
 z - a potion of heal wounds {unknown}
Comestibles
 c - 4 rations


   Skills:
 - Level 3.6 Fighting
 + Level 4.6 Axes
 + Level 3.8 Armour
 - Level 0.7 Dodging
 - Level 2.4 Invocations


You had 3 spell levels left.
You didn't know any spells.
Your spell library was empty.

Dungeon Overview and Level Annotations

Branches:
Dungeon (3/15)

Altars:
Elyvilon
Fedhas
Trog

Annotations:
D:3 Grinder


Message History

You hit Grinder.
Grinder is moderately wounded.
Grinder hits you.
You writhe in agony.
* * * LOW HITPOINT WARNING * * *
You closely miss Grinder.
Grinder is moderately wounded.
Grinder hits you.
* * * LOW HITPOINT WARNING * * *
You writhe in agony.
* * * LOW HITPOINT WARNING * * *
Throwing (i - inventory. (/) - cycle)
f - 2 boomerangs of dispersal (quivered)
Press: ? - help, Shift-Dir - straight line, f/p - Grinder
Aim: Grinder (moderately wounded)
You throw a boomerang of dispersal.
The boomerang of dispersal barely misses Grinder.
Grinder gestures at you.
You barely resist. Grinder gestures at you. Pain shoots through your body!
You die...

#........#.#############.#
############.###...........#
#..........#.....############
###.######.#.....#...........
#.#....#.#.....#.##########
#.#.##.#.#.....#..........#
#.#...)........#.########.#
#.####.#.#5................
#......#.#@...##########...
########.#.................
#.##....######(#....
#.###'#........#.... #.#
#.########.#.... #.# #.#
#.#.... #.# #.########>#....
#†# #..........#.... #(#
############..).


You could see Grinder.

Vanquished Creatures
  3 adders
  A dart slug (D:1)
  2 leopard geckos (D:1)
  3 giant cockroaches
  7 goblins
  6 hobgoblins
  5 bats
  6 frilled lizards
  6 kobolds
  5 rats (D:1)
44 creatures vanquished.

Vanquished Creatures (others)
  A lurking horror (Abyss:2)
1 creature vanquished.

Grand Total: 45 creatures vanquished

Notes
Turn   | Place    | Note
-------+----------+-------------------------------------------
     0 | Abyss:1  | Kohma the Hill Orc Abyssal Knight began the quest for the
                  | Orb.
     0 | Abyss:1  | Reached XP level 1. HP: 19/19 MP: 2/2
    81 | Abyss:3  | Noticed an apocalypse crab
    87 | D:1      | Escaped the Abyss
   336 | D:1      | Reached skill level 3 in Axes
   351 | D:1      | Reached XP level 2. HP: 23/26 MP: 3/3
   719 | D:1      | Reached XP level 3. HP: 31/31 MP: 4/4
  1027 | D:1      | Reached ** piety under Lugonu
  1105 | D:1      | Reached skill level 4 in Axes
  1392 | D:2      | Found a white marble altar of Elyvilon.
  1911 | D:3      | Reached XP level 4. HP: 30/39 MP: 5/5
  1919 | D:3      | Found a blossoming altar of Fedhas.
  1919 | D:3      | Found a bloodstained altar of Trog.
  2244 | D:3      | Noticed Grinder
  2247 | D:3      | Paralysed by Grinder for 5 turns
  2255 | D:3      | Paralysed by Grinder for 5 turns
  2262 | D:3      | Paralysed by Grinder for 7 turns
  2312 | D:3      | Killed from afar by Grinder

Levels and vault maps discovered:
D:1:      dpeg_arrival_renting, layout_loops_cross, st_stairs_7
D:2:      layout_basic, elyvilon_altar_3
D:3:      layout_basic, gammafunk_temple_overflow_wave, minmay_misc_feat_x,
          uniq_grinder

Skill      XL: |  1  2  3 |
---------------+----------+-----
Axes           | 3 4 |  4.6
Armour         | 3 |  3.8
Fighting       | |  3.6
Dodging        | |  0.7
Invocations    | |  2.4

Action                   |  1- 3 |  4- 6 || total
-------------------------+-------+-------++-------
Melee: Hand axe          |   166 |    23 ||   189
Throw: Stone             |    18 |     4 ||    22
       Dart              |       |     7 ||     7
       Boomerang         |       |     1 ||     1
  Eat: Chunk             |     3 |     1 ||     4
Armor: Ring mail         |    23 |       ||    23
       Scale mail        |    43 |    15 ||    58
Dodge: Dodged            |    88 |     7 ||    95
Block: Buckler           |     2 |     2 ||     4

Table legend:
 A = Non-vault XP
 B = Vault XP
 C = Vault XP percentage of total XP
 D = Non-vault monster count
 E = Vault monster count
 F = Vault count percentage of total count
                 A         B        C        D         E       F
            +---------+---------+-------+---------+---------+-------
      Total |     107 |       4 |   3.6 |      42 |       2 |   4.5
            +---------+---------+-------+---------+---------+-------
        D:1 |      49 |       4 |   7.5 |      29 |       2 |   6.5
        D:2 |      25 |       0 |   0.0 |       7 |       0 |   0.0
        D:3 |      33 |       0 |   0.0 |       6 |       0 |   0.0
            +---------+---------+-------+---------+---------+-------
